Construct Infanterie Kompanie
Selects Luftwaffe Battlegroup
Selects Luftwaffe Pioneer Support
Fallschirmpioneer Squad Paradrop
Infanterie Officer Quarters
Construct Panzergrenadier Kompanie
Selects Stuka Strafing Run
Selects Fallschirmjäger Squad Paradrop
Fallschirmjäger Squad Paradrop
Pak 40 Anti-tank Gun Team
Panzergrenadier Officer Quarters
Selects Luftwaffe Combat Group
Selects Flak 36 Anti-tank Gun Emplacement
Selects Fragmentation Bombs
Nebelwerfer 42 Rocket Launcher Team